 Dungeon Crawl Stone Soup version 0.27.1-2-g3b301248ec (webtiles) character file.

Game seed: 1402607431298374841

59 Kold the Insei (level 4, -3/28 HPs)
             Began as an Octopode Transmuter on Oct 1, 2021.
             Slain by an adder (4 damage)
             ... on level 2 of the Dungeon.
             The game lasted 00:01:32 (1802 turns).

Kold the Insei (Octopode Transmuter)                Turns: 1802, Time: 00:01:32

Health: -3/28      AC:  1    Str:  9    XL:     4   Next: 3%
Magic:  7/7        EV: 17    Int: 16    God:
Gold:   55         SH:  0    Dex: 12    Spells: 6/7 levels left

rFire    . . .     SeeInvis .     - Unarmed
rCold    . . .     Faith    .   (no shield)
rNeg     . . .     Spirit   .   (helmet currently unavailable)
rPois    .         Reflect  .   (no amulet)
rElec    .         Harm     .   e - +4 ring of evasion
rCorr    .         Rampage  .   (no ring)
Will     .....                  (no ring)
Stlth    ++........             (no ring)
HPRegen  0.09/turn              (no ring)
MPRegen  0.10/turn              (no ring)
                                (no ring)
                                (no ring)

@: brilliant, lethally poisoned (-3 -> -7), appendages, hasted, very quick
A: tentacle spike 3, almost no armour, amphibious, 8 rings, camouflage 1,
gelatinous body 1, (nimble swimmer 1), tentacles
a: End Transformation


You were on level 2 of the Dungeon.
One of your tentacles had grown a beastly spike.
You visited 1 branch of the dungeon, and saw 2 of its levels.

You collected 55 gold pieces.

Inventory:

Jewellery
 e - a +4 ring of evasion (left tentacle)
Scrolls
 a - 2 scrolls of teleportation {unknown}
 d - a scroll of identify {unknown}


   Skills:
 - Level 1.0 Fighting
 - Level 2.0 Dodging
 + Level 4.0 Unarmed Combat
 - Level 2.0 Spellcasting
 + Level 3.2 Transmutations


You had 6 spell levels left.
You knew the following spells:

 Your Spells              Type           Power      Damage    Failure   Level
a - Beastly Appendage     Tmut           36%        N/A       5%          1

Your spell library contained the following spells:

 Spells                   Type           Power      Damage    Failure   Level
 Wereblood                Tmut           18%        N/A       9%          2
 Spider Form              Tmut/Pois      5%         N/A       32%         3
 Ice Form                 Ice/Tmut       10%        N/A       71%         4


Dungeon Overview and Level Annotations

Branches:
Dungeon (2/15)

Altars:


Innate Abilities, Weirdness & Mutations

One of your tentacles has grown a beastly spike.
You cannot wear most types of armour.
You are amphibious.
You can wear up to eight rings at the same time.
Your skin changes colour to match your surroundings (Stealth+).
Your rubbery body absorbs attacks. (AC +1, EV +1)
((You are camouflaged near water. (Stealth+)))
You have tentacles for arms and can constrict up to eight enemies at once.


Message History

The adder bites you.
You closely miss the adder. Your grab misses the adder.
The adder completely misses you.
You closely miss the adder. Your grab misses the adder. The adder bites you.
You are poisoned.
The adder poisons you!
You tentacle-slap the adder but do no damage.
Your grab misses the adder.
You pierce the adder.
You squeeze the adder!
The adder is almost dead.
You feel sick. The adder misses you.
You tentacle-slap the adder.
You kill the adder!
You feel sick.
Your Unarmed Combat skill increases to level 4!
You have reached level 4!
You closely miss the adder. Your grab misses the adder.
Your tentacle spike misses the adder.
You feel sick. The adder bites you.
* * * LOW HITPOINT WARNING * * *
You are lethally poisoned!
The adder poisons you! The adder closely misses you.
You tentacle-slap the adder but do no damage.
Your grab misses the adder.
* * * LOW HITPOINT WARNING * * *
You feel sick.
A frilled lizard comes into view.
The adder bites you.
* * * LOW HITPOINT WARNING * * *
It was a potion of brilliance.
You feel clever all of a sudden.
* * * LOW HITPOINT WARNING * * *
You feel sick. The adder bites you but does no damage.
It was a potion of haste.
You feel yourself speed up.
* * * LOW HITPOINT WARNING * * *
You feel sick.
The frilled lizard hisses angrily.
The adder misses you.
You barely miss the adder. Your grab misses the adder.
* * * LOW HITPOINT WARNING * * *
You feel sick. The adder bites you.
You die...

#####....
###........
#...#.#.#.####
####.##.##.#!.... #
.).........#..#####
.#
##...>.............
#..
##.#####.#.....##
.. ...#
##......###.# .#.#
##.....†@S.# .#.#
#:†...###.# .#.#
#..l..# .. .#.#
###.### ... .#.#
#.# ..# .#.# ... ..
.#.# ##.# . .. #.#
..


You could see an adder and a frilled lizard.

Vanquished Creatures
  A gnoll (D:1)
  An adder (D:2)
  4 endoplasms (D:1)
  A giant cockroach (D:1)
  3 goblins (D:1)
  3 hobgoblins (D:1)
  4 jackals (D:1)
  3 quokkas (D:1)
  7 ball pythons
  4 bats (D:1)
  3 frilled lizards (D:1)
  4 kobolds
  A rat (D:1)
39 creatures vanquished.

Notes
Turn   | Place    | Note
-------+----------+-------------------------------------------
     0 | D:1      | Kold the Octopode Transmuter began the quest for the Orb.
     0 | D:1      | Reached XP level 1. HP: 13/13 MP: 3/3
    74 | D:1      | Reached XP level 2. HP: 15/18 MP: 3/5
   600 | D:1      | Reached XP level 3. HP: 12/23 MP: 4/6
   886 | D:1      | Found a faded altar of an unknown god.
   888 | D:1      | Noticed a shining eye
   889 | D:1      | Noticed an eye of devastation
   889 | D:1      | Noticed a floating eye
   889 | D:1      | Noticed a floating eye
  1798 | D:2      | Reached skill level 4 in Unarmed Combat
  1798 | D:2      | Reached XP level 4. HP: 11/28 MP: 7/7
  1802 | D:2      | HP: 1/28 [poisoned by an adder]
  1802 | D:2      | Slain by an adder

Illustrated notes

Levels and vault maps discovered:
D:1:      dpeg_arrival_three_same_balls, layout_loops_ring,
          hellmonk_ecumenical_altar_watching_god, minmay_tromino_i2
D:2:      layout_loops_ring, serial_shops, nicolae_shop_window_shopping,
          minmay_misc_feat_roman, uniq_terence

Skill      XL: |  1  2  3 |
---------------+----------+-----
Transmutations | 3 |  3.2
Unarmed Combat | 4 |  4.0
Fighting       | |  1.0
Dodging        | |  2.0
Spellcasting   | |  2.0

Action                   |  1- 3 |  4- 6 || total
-------------------------+-------+-------++-------
Melee: Unarmed           |    83 |     3 ||    86
       Constrict         |    14 |       ||    14
       Tentacles         |    16 |       ||    16
       Kick              |    13 |       ||    13
       Punch             |     1 |       ||     1
 Cast: Beastly Appendage |    18 |       ||    18
  Use: Potion            |       |     2 ||     2
 Stab: Sleeping          |     7 |       ||     7
Armor: Skin              |     6 |     1 ||     7
Dodge: Dodged            |    61 |     2 ||    63
